 Dungeon Crawl Stone Soup version 0.14.2 (webtiles) character file.

320559 kroki the Severer (level 20, -11/191 HPs)
             Began as a Minotaur Chaos Knight on Feb 9, 2015.
             Was a High Priest of Trog.
             Mangled by an ice devil (16 damage)
             ... summoned by a deep elf sorcerer
             ... led by an ironheart preserver
             ... on Level 4 of the Vaults.
             The game lasted 02:45:08 (57611 turns).

kroki the Severer (Minotaur Chaos Knight)          Turns: 57611, Time: 02:45:08

HP -11/191       AC 23     Str 19      XL: 20   Next: 62%
MP  36/36        EV 15     Int  6 (9)  God: Trog [*****.]
Gold 239         SH  0     Dex 16 (17) Spells:  0 memorised, 19 levels left

rFire  + + +     SeeInvis .     q - +0,+4 battleaxe (vamp) {god gift}
rCold  . . .     Clarity  .     P - +0 fire dragon armour
rNeg   . . .     Conserve .     (no shield)
rPois  +         rCorr    .     (helmet restricted)
rElec  +         rRot     .     h - +1 cloak {rPois} {god gift}
SustAb . .       Spirit   .     o - +1 pair of gloves
rMut   .         Warding  .     K - +1 pair of boots
Saprov . . .     Stasis   .     e - amulet "Ogalurph" {-Cast +Rage rElec rPois rF+ MR+}
MR     +++..     NoCast   +     M - ring of Temptation {+Inv MR+}
                                I - ring of protection from cold

@: about to teleport, very heavily drained, extremely resistant to hostile
enchantments, extremely unstealthy
A: retaliatory headbutt, horns 2, thin metallic scales 2, thin skeletal
structure 1, clumsy 1, deterioration 1, high mp 1
a: Burn Spellbooks, Berserk, Trog's Hand, Brothers in Arms, Renounce Religion,
Evoke Berserk Rage, Evoke Invisibility
}: 2/15 runes: serpentine, barnacled


You were on level 4 of the Vaults.
You worshipped Trog.
Trog was extremely pleased with you.
You were hungry.

You visited 7 branches of the dungeon, and saw 44 of its levels.
You visited the Abyss 1 time.
You visited 2 bazaars.
You also visited: Ice Cave and Volcano.

You collected 5750 gold pieces.
You spent 5511 gold pieces at shops.

Inventory:

Hand weapons
 q - a +0,+4 vampiric battleaxe (weapon) {god gift}
   (Trog gifted it to you on level 3 of the Vaults)
 v - a +1,+8 anti-magic battleaxe {god gift}
   (Trog gifted it to you on level 3 of the Snake Pit)
 Y - the +4,+10 executioner's axe of Zozuel {god gift, flame, *Rage rF++ rC+ Str-3 Dex+2}
   (Trog gifted it to you on level 15 of the Dungeon)

   It emits flame when wielded, causing extra injury to most foes and up to
   double damage against particularly susceptible opponents.
   Big, fiery blades are also staple armaments of hydra-hunters.
   It affects your strength (-3).
   It affects your dexterity (+2).
   It greatly protects you from fire.
   It protects you from cold.
   It may make you go berserk in combat.
Missiles
 m - 6 poisoned javelins (quivered)
Armour
 d - a +2 cloak of cold resistance
   (You found it in an ice cave)
 h - a +1 cloak of poison resistance (worn) {god gift}
   (Xom gifted it to you on level 1 of the Dungeon)
 o - a +1 pair of gloves (worn)
   (You found it on level 4 of the Lair of Beasts)
 K - a +1 pair of boots (worn)
   (You found it on level 6 of the Dungeon)
 P - a +0 fire dragon armour (worn)
   (You found it on level 7 of the Lair of Beasts)
Magical devices
 b - a wand of disintegration (1)
   (You found it on level 3 of the Shoals)
 g - a wand of polymorph (13)
   (You found it in an ice cave)
 l - a wand of polymorph (4)
   (You found it on level 3 of the Vaults)
 n - a wand of paralysis (10)
   (You found it on level 15 of the Dungeon)
 p - a wand of heal wounds (0)
   (You acquired it on level 2 of the Elven Halls)
 A - a wand of teleportation (4)
   (You found it on level 4 of the Snake Pit)
 C - a wand of polymorph (13)
   (You found it on level 3 of the Vaults)
 E - a wand of paralysis (1)
   (You found it on level 6 of the Dungeon)
Comestibles
 s - 5 meat rations
Scrolls
 i - a scroll of vulnerability
 y - a scroll of teleportation
 L - 2 scrolls of remove curse
Jewellery
 c - an uncursed amulet of guardian spirit
   (You found it on level 13 of the Dungeon)
 e - the amulet "Ogalurph" (around neck) {-Cast +Rage rElec rPois rF+ MR+}
   (You bought it in a shop in a bazaar)

   [amulet of rage]

   It protects you from fire.
   It insulates you from electricity.
   It protects you from poison.
   It affects your resistance to hostile enchantments.
   It prevents spellcasting.
 x - an uncursed ring of protection from cold
   (You found it on level 3 of the Dungeon)
 F - an uncursed amulet of stasis
   (You found it on level 3 of the Vaults)
 G - an uncursed amulet of resist mutation
   (You found it on level 1 of the Elven Halls)
 I - a ring of protection from cold (left hand)
   (You found it on level 12 of the Dungeon)
 M - the ring of Temptation (right hand) {+Inv MR+}
   (You bought it in a shop in a bazaar)

   [ring of protection from magic]

   It lets you turn invisible.
 Z - the ring "Subiry" {rF- MP+9 SInv}
   (You took it off a deep elf conjurer on level 3 of the Elven Halls)

   [ring of magical power]

   It makes you vulnerable to fire.
   It enhances your eyesight.
Potions
 j - a potion of brilliance
 u - 3 potions of restore abilities
 w - 3 potions of agility
 z - a potion of curing
 J - 2 potions of haste
 V - 4 potions of might
Books
 B - a book of Wizardry
   (You found it on level 3 of the Vaults)

   Spells                             Type                      Level
   Summon Elemental                   Summoning                    4
   Agony                              Necromancy                   5
   Force Lance                        Conjuration                  5
   Haste                              Charms                       6
   Invisibility                       Hexes                        6
   Spellforged Servitor               Conjuration/Summoning        7
   Trog disapproves of the use of such an item.
Miscellaneous
 r - a phial of floods
   (You found it on level 3 of the Snake Pit)
 D - a crystal ball of energy
   (You took it off a deep elf summoner on level 3 of the Elven Halls)
 H - a fan of gales (inert)
   (You took it off a deep elf death mage on level 3 of the Elven Halls)
 T - a sack of spiders {used: 9}
   (You bought it in a shop on level 4 of the Orcish Mines)
 U - a lantern of shadows
   (You bought it in a shop on level 4 of the Orcish Mines)
 W - a lamp of fire
   (You found it on level 5 of the Lair of Beasts)
 X - a fan of gales
   (You bought it in a shop on level 4 of the Orcish Mines)


   Skills:
 - Level 19.1(13.3) Fighting
 - Level 20.2(14.3) Axes
 - Level 1.4(0.0) Throwing
 + Level 19.2(13.4) Armour
 + Level 18.6(12.8) Dodging
 + Level 15.9(10.5) Evocations


You had 19 spell levels left.
You didn't know any spells.

Dungeon Overview and Level Annotations

Branches:
Dungeon (15/15)            Temple (0/1) D:7             Orc (4/4) D:11
    Elf (3/3) Orc:3          Lair (8/8) D:9          Shoals (5/5) Lair:6
  Snake (5/5) Lair:6        Slime (0/6) Lair:6       Vaults (4/5) D:13
  Blade (0/1) Vaults:3      Crypt (0/5) Vaults:2     Depths (0/5) D:15

Altars:
Ashenzari
Cheibriados
Dithmenos
Elyvilon
Kikubaaqudgha
Makhleb
Okawaru
Sif Muna
Trog
Xom
Zin
The Shining One
Jiyva

Shops:
D:4 (   D:8 (   Orc:4 **[}?   Elf:3 [   Snake:1 *   Snake:3 !   Vaults:3 *

Portals:
Hell: Lair:8
Trove: Elf:3 (give 15 scrolls of teleportation)

Annotations:
Snake:2 exclusion: Roxanne, Roxanne
Snake:3 exclusion: oklob plant
Abyss:1 Rupert


Innate Abilities, Weirdness & Mutations

You reflexively headbutt those who attack you in melee.
You have a pair of horns on your head.
You are mostly covered in thin metallic scales (AC +3).
You have a somewhat thin skeletal structure (Dex +2, Stealth).
You are clumsy. (Dex -2)
Your body is slowly deteriorating.
You have an increased reservoir of magic (+10% MP).


Message History

The ice devil is lightly wounded.
You closely miss the ironbrand convoker.
The ironbrand convoker is moderately wounded.
You slash the sun demon!
The sun demon is heavily wounded.
The deep elf sorcerer gestures at you while chanting.
The bolt of negative energy hits you!
You feel drained.
The ironbrand convoker hits you but does no damage.
The ice devil hits you! The ice devil freezes you!
One of your 2 potions of magic freezes and shatters!
* * * LOW HITPOINT WARNING * * *
Your potion of magic freezes and shatters!
The sun demon barely misses you.
A vault guard comes into view. It is wielding a dire flail.
Drink which item? (? for menu, Esc to quit)
Okay, then.
Evoke which item? (* to show all) (? for menu, Esc to quit)
Zapping:
p - a wand of heal wounds (1)
Press: ? - help, Shift-Dir - straight line, f - you You feel much better.
This wand has 0 charges left.
The deep elf sorcerer hits you with a short sword.
The ironbrand convoker hits you with a flail!
The sun demon hits you!
* * * LOW HITPOINT WARNING * * *
You are engulfed in flames.
You resist.
One of your 3 scrolls of teleportation catches fire!
* * * LOW HITPOINT WARNING * * *
The ice devil hits you.
* * * LOW HITPOINT WARNING * * *
The ice devil freezes you!
One of your 4 potions of agility freezes and shatters!
* * * LOW HITPOINT WARNING * * *
One of your 3 potions of curing freezes and shatters!
Unknown command.
Read which item? (? for menu, Esc to quit)
As you read the scroll of teleportation, it crumbles to dust.
You feel strangely unstable.
The deep elf sorcerer gestures at you while chanting.
You resist with almost no effort. The sun demon hits you.
* * * LOW HITPOINT WARNING * * *
You are engulfed in flames.
You resist.
* * * LOW HITPOINT WARNING * * *
The ice devil hits you.
* * * LOW HITPOINT WARNING * * *
The ice devil freezes you!
Two of your 6 potions of might freeze and shatter!
* * * LOW HITPOINT WARNING * * *
The ironbrand convoker closely misses you.
The demonic crawler barely misses you. The demonic crawler closely misses you.
The demonic crawler barely misses you.
A deep elf summoner comes into view. It is wielding a short sword.
Read which item? (? for menu, Esc to quit)
Okay, then.
Drink which item? (? for menu, Esc to quit)
You feel better.
The sun demon hits you but does no damage.
The deep elf sorcerer hits you but does no damage.
The deep elf summoner gestures wildly while chanting.
The deep elf summoner blinks!
The deep elf summoner gestures wildly while chanting.
The ice devil hits you!
* * * LOW HITPOINT WARNING * * *
The ice devil freezes you!
You die...

#e## ..#
###@############
#..@...#...#...#
#......#..8#8..#
#..r...#...'...#
#0.e@..#...'...#
#.3@3..#...'...#
#rs@es.'...'.).#
#e..s..#..8#8..#
###.####...#...#
#\# ######'####
### #........#
#........#
#........#
#........#
#........#


You could see 2 ironheart preservers, a vault guard, a deep elf sorcerer, an ice
devil, a demonic crawler, a sun demon, 2 deep elf summoners, an ironbrand
convoker, a deep elf conjurer, 2 tarantellas and 2 orange rats.

Vanquished Creatures
  Nikola (Snake:2)
  A bone dragon (Vaults:2)
  An Ice Fiend (IceCv)
  4 deep elf blademasters (Elf:3)
  4 deep elf master archers (Elf:3)
  A sphinx (Vaults:3)
  Agnes (Snake:2)
  Frances (Snake:1)
  Kirke (Snake:4)
  A spectral weapon (Shoals:3)
  Ilsuiw (Shoals:5)
  A fire giant (Vaults:3)
  7 greater nagas
  5 deep elf sorcerers
  An orc warlord (Orc:3)
  Aizul (Snake:4)
  Louise (D:14)
  9 vault wardens
  2 stone giants (Vaults:3)
  9 deep elf annihilators
  A dire elephant (Lair:8)
  The ghost of kroki the Severer, a powerful MiCK of Trog (Orc:4)
  3 vault guards (Vaults:2)
  Snorg (Orc:4)
  An ettin (Vaults:4)
  A merfolk javelineer (Shoals:5)
  A merfolk impaler (Shoals:5)
  4 deep elf death magi
  2 fire dragons
  Josephine (Snake:1)
  A deep elf high priest (Elf:3)
  7 ironheart preservers
  A rakshasa (D:15)
  4 yaktaur captains
  Harold (Lair:4)
  20 naga warriors
  A deep troll earth mage (Vaults:1)
  Nessos (D:11)
  An anaconda (shapeshifter) (D:15)
  4 merfolk aquamancers (Shoals:5)
  7 hydras
  A ravenous feature mimic (Vaults:2)
  2 ravenous item mimics
  3 ogre magi
  2 tengu warriors
  6 anacondas
  2 satyrs (Shoals:5)
  4 dancing weapons (Vaults:3)
  6 death yaks
  The ghost of trelanon the Hoplite, a powerful VSFi of Makhleb (Lair:1)
  A deep troll shaman (Vaults:1)
  A spectral elf (Elf:1)
  4 centaur warriors
  An orc high priest (Orc:4)
  11 naga sharpshooters
  2 thrashing horrors (Abyss:2)
  3 salamander mystics (Snake:5)
  6 shock serpents
  A wretched star (Abyss:2)
  An iron troll (Orc:3)
  12 deep elf knights
  A wizard (Lair:8)
  An unseen horror (Vaults:1)
  4 sea snakes
  A fire crab (Vaults:1)
  2 deep trolls (Vaults:1)
  A flayed ghost (Vaults:3)
  18 naga ritualists
  3 giant orange brains
  3 water nymphs
  7 very ugly things
  5 ice devils (IceCv)
  An ice statue (IceCv)
  8 harpies
  7 deep elf summoners
  3 large abominations (Abyss:2)
  Pikel (D:5)
  6 mana vipers
  7 hill giants
  8 orc knights
  12 ironbrand convokers
  A shadow demon (Abyss:2)
  2 lindwurms
  2 red wasps (Vaults:3)
  3 griffons (Shoals:5)
  A faun (shapeshifter) (Vaults:2)
  2 fauns (Shoals:5)
  15 deep elf conjurers
  7 orc sorcerers
  A moth of wrath (shapeshifter) (Vaults:1)
  10 manticores
  11 elephants (Lair:4)
  A hellion (Elf:2)
  7 salamanders
  A wolf spider (Vaults:1)
  2 sixfirhies
  4 guardian serpents
  A stone giant skeleton (Abyss:2)
  7 cyclopes
  Maurice (D:8)
  3 mermaids
  A mermaid (shapeshifter) (Elf:3)
  A naga zombie (Snake:1)
  2 gargoyles
  9 vault sentinels
  58 black mambas
  9 spiny frogs
  26 naga magi
  Psyche (D:8)
  A feature mimic (Elf:1)
  3 orange demons (Lair:8)
  36 yaktaurs
  6 fire drakes
  5 tengu conjurers
  A kobold demonologist (Abyss:2)
  16 deep elf priests
  8 komodo dragons
  2 red devils (Lair:8)
  5 giant fireflies (Lair:1)
  A hydra zombie (Abyss:2)
  A centaur skeleton (D:13)
  2 ancient zymes (Abyss:2)
  4 wind drakes
  3 anaconda simulacra (IceCv)
  9 merfolk
  2 golden dragon simulacra (IceCv)
  A jumping spider (Elf:1)
  7 freezing wraiths
  A blink frog (shapeshifter) (Vaults:3)
  9 two-headed ogres
  3 blue devils
  5 ravens
  8 snapping turtles
  3 boulder beetles
  7 trolls
  Prince Ribbit (D:5)
  A hydra skeleton (D:13)
  10 boggarts
  12 blink frogs
  7 slime creatures
  33 deep elf magi
  A brown ooze (D:10)
  4 flying skulls (Abyss:2)
  A raiju (shapeshifter) (Vaults:2)
  A black mamba zombie (Snake:1)
  2 shadows
  7 basilisks
  5 wraiths
  4 sharks
  2 tarantellas
  5 water elementals (Shoals:5)
  2 hill giant zombies
  6 hogs (Snake:4)
  A human (D:7)
  A black mamba skeleton (Snake:1)
  A redback (Elf:1)
  3 dire elephant simulacra (IceCv)
  A neqoxec (Orc:4)
  49 yaks
  Eustachio (D:7)
  A yaktaur simulacrum (Vaults:1)
  A hippogriff (shapeshifter) (D:14)
  3 elephant slugs
  11 hippogriffs
  2 hungry ghosts (D:11)
  36 ugly things
  6 wolves (Lair:4)
  2 mottled dragons
  5 harpy simulacra (IceCv)
  28 deep elf fighters
  2 vampire mosquitoes (Vaults:3)
  A naga (shapeshifter) (Vaults:1)
  4 steam dragons
  34 water moccasins
  A spatial vortex (D:8)
  49 nagas
  Menkaure (D:6)
  5 wargs
  3 necrophages
  2 hydra simulacra (IceCv)
  A small abomination (Abyss:2)
  2 soldier ants
  2 iron troll simulacra (IceCv)
  12 porcupines
  26 ogres
  A swamp drake (D:9)
  2 black bears
  A soldier ant (shapeshifter) (Vaults:3)
  3 slaves (D:5)
  2 ettin simulacra (IceCv)
  11 ice beasts
  39 orc warriors
  8 sky beasts
  A black mamba simulacrum (Snake:1)
  14 centaurs
  A giant goldfish (Lair:6)
  2 boring beetles
  3 phantoms
  20 crocodiles
  18 lava worms (Volcano)
  4 giant slugs
  A gnoll sergeant (D:5)
  2 elf zombies (D:14)
  8 big kobolds
  A brain worm (D:13)
  Blork the orc (D:7)
  16 giant frogs
  2 insubstantial wisps (D:8)
  An eye of draining (D:12)
  A troll zombie (D:11)
  A cyclops skeleton (D:13)
  2 scorpions (D:7)
  8 wights
  23 killer bees
  A swamp dragon simulacrum (IceCv)
  A troll skeleton (D:14)
  A yak skeleton (D:8)
  An electric eel (Lair:6)
  30 orc priests
  2 giant frog zombies
  4 crimson imps
  4 goliath beetles
  2 human zombies (D:14)
  10 jellies
  A quasit (Abyss:2)
  11 iguanas
  A lava snake (Volcano)
  Crazy Yiuf (D:4)
  A basilisk zombie (D:15)
  12 hounds
  3 big fish (Lair:6)
  An iron imp (D:2)
  4 draconian simulacra (IceCv)
  9 worker ants
  2 orange rats
  36 orc wizards
  Natasha (thrice) (D:5)
  A spriggan simulacrum (IceCv)
  2 troll simulacra (IceCv)
  A wolf simulacrum (IceCv)
  6 ogre zombies (D:11)
  20 sheep
  2 centaur simulacra (IceCv)
  A big kobold skeleton (D:8)
  An ogre skeleton (D:6)
  A hound skeleton (D:11)
  5 mummies
  3 gnolls (D:5)
  73 green rats
  3 ogre simulacra (IceCv)
  A scorpion zombie (D:6)
  36 adders
  A naga simulacrum (IceCv)
  4 giant mites
  An inept feature mimic (D:6)
  5 shadow imps
  18 white imps
  8 worms
  12 ufetubi
  19 orc zombies
  3 giant eyeballs
  12 giant geckos
  15 oozes
  204 orcs
  21 bats
  15 goblins
  14 hobgoblins
  37 jackals
  29 kobolds
  10 quokkas
  3 ball pythons
  4 giant cockroaches
  3 giant newts
  A giant newt skeleton (D:4)
  2 giant spores
  A goblin skeleton (D:11)
  2 goblin zombies (D:11)
  2 hobgoblin skeletons (D:11)
  3 hobgoblin zombies (D:11)
  A jackal skeleton (D:4)
  A kobold skeleton (D:6)
  4 orc skeletons
  21 rats
  29 ballistomycetes
  7 crawling corpses
  8 fungi
  9 plants
2048 creatures vanquished.

Vanquished Creatures (collateral kills)
  Asterion (Shoals:3)
  A stone giant (Vaults:3)
  A deep elf demonologist (Elf:2)
  A dire elephant (Lair:8)
  2 merfolk javelineers (Shoals:5)
  A vault guard (Vaults:2)
  A deep elf death mage (Elf:3)
  6 merfolk impalers (Shoals:5)
  An ogre mage (Vaults:2)
  An alligator snapping turtle (Shoals:5)
  2 spectral elves (Elf:3)
  A tengu warrior (D:15)
  A naga sharpshooter (Snake:5)
  A fire crab (Vaults:3)
  2 manticores
  A black mamba (Snake:3)
  A smoke demon (Lair:8)
  An orange demon (Lair:8)
  A yaktaur (Vaults:2)
  2 blue devils (Lair:8)
  A boggart (Vaults:3)
  A hellwing (Lair:8)
  A merfolk (Shoals:5)
  A raven (Shoals:5)
  A deep elf mage (Elf:2)
  A neqoxec (Abyss:2)
  A mottled dragon (Vaults:1)
  A water moccasin (Snake:5)
  2 nagas (Snake:3)
  An orange crystal statue (Elf:2)
  2 ogres (Vaults:2)
  2 orc wizards (D:13)
  Ijyb (D:2)
  An adder (D:2)
  3 orcs (D:13)
  A goblin (D:3)
  A crawling corpse (Elf:3)
51 creatures vanquished.

Vanquished Creatures (others)
  A hydra (D:13)
  An ogre mage (Vaults:2)
  A skeletal warrior (D:13)
  A sea snake (Shoals:5)
  A hill giant (D:15)
  A faun (Shoals:5)
  5 air elementals
  A guardian serpent (D:14)
  5 water elementals
  A yaktaur (D:13)
  4 fire elementals
  A troll (Lair:2)
  2 jumping spiders
  A basilisk (D:15)
  7 redbacks
  8 trapdoor spiders
  A yak (D:12)
  An ice dragon skeleton (D:13)
  3 shadows
  2 deep elf fighters (Elf:3)
  A naga (Snake:5)
  2 ogres
  A giant frog (D:9)
  A wight (D:12)
  2 eyes of draining
  A quasit (D:3)
  A mummy (D:12)
  2 orc wizards
  A shadow imp (Abyss:2)
  2 orcs
  2 hobgoblins
  5 giant spores
  A kobold (D:8)
  A ballistomycete (D:10)
  A crawling corpse (Elf:3)
  6 fungi
78 creatures vanquished.

Grand Total: 2177 creatures vanquished

Notes
Turn   | Place    | Note
--------------------------------------------------------------
     0 | D:1      | kroki, the Minotaur Chaos Knight, began the quest for the Orb.
     0 | D:1      | Reached XP level 1. HP: 19/19 MP: 1/1
    99 | D:1      | Reached skill level 4 in Axes
   128 | D:1      | XOM: divination: detect creatures
   172 | D:1      | XOM: colour smoke trail
   196 | D:1      | Reached XP level 2. HP: 20/26 MP: 1/1
   238 | D:1      | XOM: god gift: runed cloak {god gift}
   585 | D:1      | XOM: give mutations
   585 | D:1      | Gained mutation: You are partially covered in thin metallic scales (AC +2). [Xom's grace]
   585 | D:1      | Gained mutation: You are mostly covered in thin metallic scales (AC +3). [Xom's grace]
   585 | D:1      | Gained mutation: You have a somewhat thin skeletal structure (Dex +2, Stealth). [Xom's grace]
   899 | D:2      | XOM: god gift: 19 bolts of flame
   996 | D:2      | Reached skill level 5 in Axes
  1004 | D:2      | Found an ancient bone altar of Kikubaaqudgha.
  1004 | D:2      | XOM: 9-stop teleportation journey
  1007 | D:2      | XOM: summons friendly quasit
  1012 | D:2      | Reached XP level 3. HP: 23/31 MP: 2/2
  1081 | D:2      | XOM: god gift: 8 javelins of penetration
  1223 | D:2      | XOM: polymorph jackal -> hobgoblin
  1236 | D:2      | XOM is BORED!
  1236 | D:2      | XOM: give mutation
  1236 | D:2      | Gained mutation: You have a slow metabolism. [Xom's mischief]
  1397 | D:2      | Found a glowing silver altar of Zin.
  1575 | D:2      | Noticed Ijyb
  1579 | D:2      | XOM: summons friendly ice devil
  1581 | D:2      | Killed Ijyb
  1605 | D:2      | Noticed a hell hog
  1605 | D:2      | an ice devil changed into a hell hog
  1605 | D:2      | XOM: polymorph ice devil -> hell hog
  1684 | D:2      | Reached skill level 6 in Axes
  1684 | D:2      | Reached XP level 4. HP: 39/39 MP: 2/2
  1813 | D:3      | Found a bloodstained altar of Trog.
  1864 | D:3      | XOM: divination: detect creatures
  1887 | D:3      | XOM: god gift: choko
  1894 | D:3      | Fell from the grace of Xom
  1894 | D:3      | Became a worshipper of Trog the Wrathful
  2159 | D:3      | Reached skill level 1 in Throwing
  2185 | D:3      | Reached XP level 5. HP: 35/45 MP: 2/2
  2388 | D:3      | Noticed an orc warrior
  2491 | D:3      | XOM: noise
  2559 | D:3      | XOM: summons 4 hostile demons
  2635 | D:3      | Found a shimmering altar of Xom.
  2718 | D:4      | Paralysed by a giant eyeball for 3 turns
  2794 | D:4      | Reached skill level 7 in Axes
  2807 | D:4      | Found Firakk's Antique Weapon Emporium.
  2823 | D:4      | Bought a glowing battleaxe for 117 gold pieces
  2927 | D:4      | Acquired Trog's first power
  2977 | D:4      | Noticed an ogre
  2985 | D:4      | Killed an ogre
  2985 | D:4      | Reached skill level 8 in Axes
  2985 | D:4      | Reached XP level 6. HP: 51/51 MP: 3/3
  3047 | D:4      | Noticed Crazy Yiuf
  3056 | D:4      | Killed Crazy Yiuf
  3074 | D:4      | XOM: summons 4 hostile demons
  3259 | D:4      | Found a white marble altar of Elyvilon.
  3411 | D:5      | Entered Level 5 of the Dungeon
  3417 | D:5      | Reached skill level 9 in Axes
  3455 | D:5      | Noticed Prince Ribbit
  3530 | D:5      | Killed Prince Ribbit
  3530 | D:5      | Reached skill level 10 in Axes
  3530 | D:5      | Reached XP level 7. HP: 33/57 MP: 3/3
  3569 | D:3      | Killed an orc warrior
  3694 | D:3      | Acquired Trog's second power
  3914 | D:5      | Reached skill level 11 in Axes
  3961 | D:5      | Noticed Natasha
  3986 | D:5      | Reached XP level 8. HP: 45/64 MP: 3/3
  3987 | D:5      | Killed Natasha
  4003 | D:5      | Noticed Natasha
  4006 | D:5      | Killed Natasha
  4275 | D:5      | Reached skill level 12 in Axes
  4331 | D:5      | Noticed Pikel
  4340 | D:5      | Killed Pikel
  4340 | D:5      | Reached skill level 13 in Axes
  4378 | D:5      | Noticed Natasha
  4382 | D:5      | Killed Natasha
  4642 | D:6      | Found a shattered altar of Ashenzari.
  4722 | D:6      | Reached XP level 9. HP: 70/70 MP: 4/4
  4825 | D:6      | Reached skill level 1 in Evocations
  4913 | D:6      | Noticed Menkaure
  4923 | D:6      | Killed Menkaure
  4923 | D:6      | Reached skill level 2 in Evocations
  5127 | D:6      | XOM: medium Tloc miscast
  5171 | D:6      | Reached skill level 14 in Axes
  5294 | D:7      | Reached skill level 3 in Evocations
  5309 | D:7      | XOM: mild Trmt miscast
  5409 | D:7      | Noticed Blork the orc
  5418 | D:7      | Killed Blork the orc
  5430 | D:7      | Acquired Trog's third power
  5458 | D:7      | Reached skill level 4 in Evocations
  5579 | D:7      | XOM: silly message
  5681 | D:7      | XOM: harmless Fire miscast
  5932 | D:7      | Found a staircase to the Ecumenical Temple.
  5944 | D:7      | Reached skill level 5 in Evocations
  6105 | D:7      | XOM: noise
  6149 | D:7      | XOM: noise
  6282 | D:7      | Noticed Eustachio
  6298 | D:7      | Killed Eustachio
  6298 | D:7      | Reached skill level 15 in Axes
  6298 | D:7      | Reached XP level 10. HP: 67/77 MP: 13/13
  6470 | D:8      | Found Lyabiw's Weapon Boutique.
  6545 | D:8      | Reached skill level 6 in Evocations
  6733 | D:8      | XOM: medium Ice miscast
  6735 | D:8      | Noticed Psyche
  6744 | D:8      | Killed Psyche
  6811 | D:8      | Noticed a cyclops
  6823 | D:8      | Killed a cyclops
  6823 | D:8      | Reached skill level 7 in Evocations
  6984 | D:8      | Noticed Maurice
  7005 | D:8      | XOM: give mutations
  7005 | D:8      | Gained mutation: Your muscles are strong. (Str +2) [Xom's mischief]
  7005 | D:8      | Lost mutation: You have a slow metabolism. [Xom's mischief]
  7018 | D:8      | XOM: mild Divn miscast
  7032 | D:8      | XOM: noise
  7036 | D:8      | Killed Maurice
  7036 | D:8      | Reached skill level 4 in Fighting
  7036 | D:8      | Reached skill level 3 in Armour
  7049 | D:8      | XOM: blink monster(s)
  7141 | D:8      | Reached skill level 4 in Armour
  7400 | D:8      | XOM: mild Summ miscast
  7403 | D:8      | Reached skill level 5 in Fighting
  7764 | D:9      | Found a snail-covered altar of Cheibriados.
  7805 | D:9      | Reached skill level 16 in Axes
  7817 | D:9      | Received a gift from Trog
  8052 | D:9      | Reached skill level 5 in Armour
  8130 | D:9      | Found a glowing golden altar of the Shining One.
  8255 | D:9      | Reached XP level 11. HP: 62/89 MP: 17/17
  8307 | D:9      | Found a staircase to the Lair.
  8421 | Lair:1   | Entered Level 1 of the Lair of Beasts
  8432 | Lair:1   | Reached skill level 6 in Fighting
  8449 | Lair:1   | Reached skill level 6 in Armour
  8456 | Lair:1   | Received a gift from Trog
  8491 | Lair:1   | XOM: medium Necr miscast
  9000 | Lair:1   | Reached skill level 7 in Fighting
  9043 | Lair:1   | XOM: mild Pois miscast
  9148 | Lair:1   | Noticed trelanon's ghost (powerful VSFi)
  9161 | Lair:1   | Killed trelanon's ghost
  9184 | Lair:1   | Reached skill level 7 in Armour
  9244 | Lair:1   | Got a faintly glowing plate armour
  9263 | Lair:1   | Identified the cursed -5 plate armour of the Illusory Suns {+Blink +Fly rElec MR+ Dex-2 Int-5 Stlth++} (You found it on level 1 of the Lair of Beasts)
  9347 | Lair:1   | Received a gift from Trog
  9678 | Lair:1   | XOM: mild Necr miscast
 10121 | Lair:2   | Reached skill level 8 in Fighting
 10317 | Lair:2   | XOM: mild Ice miscast
 10347 | Lair:2   | Reached skill level 8 in Armour
 10384 | Lair:2   | Noticed a death yak
 10385 | Lair:2   | Noticed a death yak
 10388 | Lair:2   | Noticed a death yak
 10395 | Lair:2   | Killed a death yak
 10395 | Lair:2   | Reached skill level 17 in Axes
 10399 | Lair:2   | Killed a death yak
 10402 | Lair:2   | Killed a death yak
 10402 | Lair:2   | Reached skill level 9 in Fighting
 10405 | Lair:2   | Noticed a death yak
 10420 | Lair:2   | Killed a death yak
 10420 | Lair:2   | Reached XP level 12. HP: 69/103 MP: 18/18
 10422 | Lair:2   | Noticed a death yak
 10430 | Lair:2   | Killed a death yak
 10430 | Lair:2   | Reached skill level 9 in Armour
 10575 | Lair:2   | XOM: noise
 10576 | Lair:2   | Received a gift from Trog
 10699 | Lair:2   | XOM: medium Fire miscast
 10699 | Lair:2   | Was forgiven by Xom
 11155 | Lair:3   | Gained mutation: You have an increased reservoir of magic (+10% MP). [potion of beneficial mutation]
 11334 | Lair:3   | Noticed a four-headed hydra
 11344 | Lair:3   | Killed a ten-headed hydra
 11621 | Lair:3   | Reached skill level 10 in Fighting
 12070 | Lair:4   | Noticed Harold
 12083 | Lair:4   | Killed Harold
 12083 | Lair:4   | Reached skill level 10 in Armour
 12443 | Lair:4   | Noticed a six-headed hydra
 12512 | Lair:4   | Reached skill level 11 in Fighting
 12512 | Lair:4   | Reached skill level 18 in Axes
 12830 | Lair:4   | Reached skill level 11 in Armour
 12850 | Lair:4   | Received a gift from Trog
 12919 | Lair:4   | Reached XP level 13. HP: 81/115 MP: 20/20
 13661 | Lair:5   | Received a gift from Trog
 13713 | Lair:5   | Got a polished flail
 13837 | Lair:5   | Found a glowing golden altar of the Shining One.
 14278 | Lair:6   | Reached skill level 12 in Fighting
 15003 | Lair:6   | HP: 5/117 [nine-headed hydra (3)]
 15326 | Lair:6   | Found a staircase to the Snake Pit.
 15339 | Lair:6   | Reached skill level 12 in Armour
 15950 | Lair:6   | Found a staircase to the Slime Pits.
 15950 | Lair:6   | Found a viscous altar of Jiyva.
 15988 | Lair:6   | Found a staircase to the Shoals.
 16124 | Lair:6   | Received a gift from Trog
 16818 | D:9      | Reached skill level 19 in Axes
 16830 | D:10     | Entered Level 10 of the Dungeon
 17174 | D:10     | Reached skill level 13 in Fighting
 17187 | D:10     | Paralysed by a giant eyeball for 3 turns
 17287 | D:10     | Received a gift from Trog
 17789 | D:11     | Found a shadowy altar of Dithmenos.
 17854 | D:11     | Found a staircase to the Orcish Mines.
 17938 | D:11     | Noticed Nessos
 17953 | D:11     | Killed Nessos
 17953 | D:11     | Received a gift from Trog
 17961 | D:11     | Got a jewelled lajatang {god gift}
 17962 | D:11     | Identified the +5,+3 lajatang of Disembowelment {god gift, holy, Int+3} (Trog gifted it to you on level 11 of the Dungeon)
 18193 | D:11     | Reached skill level 13 in Armour
 18287 | D:11     | Found an iron altar of Okawaru.
 18640 | Orc:1    | Entered Level 1 of the Orcish Mines
 18647 | Orc:1    | Reached XP level 14. HP: 115/128 MP: 22/22
 18684 | Orc:1    | Found a dark tunnel.
 18695 | Volcano  | Entered a volcano
 18741 | Volcano  | Received a gift from Trog
 18847 | Volcano  | Found a bloodstained altar of Trog.
 19975 | Lair:7   | Received a gift from Trog
 20357 | Lair:7   | Reached skill level 14 in Fighting
 20424 | Lair:7   | Reached skill level 2 in Dodging
 21248 | Lair:8   | Entered Level 8 of the Lair of Beasts
 21286 | Lair:8   | Reached skill level 3 in Dodging
 21386 | Lair:8   | Received a gift from Trog
 21957 | Lair:8   | Reached skill level 20 in Axes
 21957 | Lair:8   | Reached skill level 4 in Dodging
 22345 | Lair:8   | Found a burning altar of Makhleb.
 22385 | Lair:8   | Reached skill level 5 in Dodging
 22389 | Lair:8   | Found a gateway to Hell.
 23327 | Orc:3    | Noticed an orc warlord
 23358 | Orc:3    | Killed an orc warlord
 23358 | Orc:3    | Received a gift from Trog
 23358 | Orc:3    | Reached skill level 15 in Fighting
 23451 | Orc:3    | Reached skill level 6 in Dodging
 23866 | Orc:2    | Received a gift from Trog
 24398 | Orc:3    | Found a staircase to the Elven Halls.
 24400 | Orc:3    | Found a burning altar of Makhleb.
 24461 | Elf:1    | Entered Level 1 of the Elven Halls
 24473 | Orc:4    | Entered Level 4 of the Orcish Mines
 24473 | Orc:4    | Noticed kroki's ghost (powerful MiCK)
 24486 | Orc:4    | Killed kroki's ghost
 24486 | Orc:4    | Reached XP level 15. HP: 140/140 MP: 23/23
 24642 | Orc:4    | Received a gift from Trog
 24717 | Orc:4    | Found Cono's Assorted Antiques.
 24717 | Orc:4    | Found Sohiaq's Antique Armour Shoppe.
 24764 | Orc:4    | Reached skill level 7 in Dodging
 24838 | Orc:4    | Found Graix's Gadget Shoppe.
 24844 | Orc:4    | Found Suomasuu's General Store.
 25056 | Orc:4    | Received a gift from Trog
 25115 | Orc:4    | Noticed Snorg
 25124 | Orc:4    | Killed Snorg
 25199 | Orc:4    | Found Esot's Magic Scroll Emporium.
 25317 | Orc:4    | Found a deep blue altar of Sif Muna.
 25353 | Orc:4    | Received a gift from Trog
 25551 | Orc:4    | Bought a scroll of recharging for 285 gold pieces
 25551 | Orc:4    | Bought a scroll of silence for 225 gold pieces
 25551 | Orc:4    | Bought a scroll of identify for 60 gold pieces
 25551 | Orc:4    | Bought a scroll of teleportation for 90 gold pieces
 25551 | Orc:4    | Bought a potion of heal wounds for 90 gold pieces
 25551 | Orc:4    | Bought a silvery potion for 27 gold pieces
 25551 | Orc:4    | Bought a scroll of enchant weapon II for 165 gold pieces
 25551 | Orc:4    | Bought a fuming purple potion for 27 gold pieces
 25552 | Orc:4    | Identified a scroll of acquirement
 25583 | Orc:4    | Bought a scroll of enchant weapon II for 77 gold pieces
 25583 | Orc:4    | Bought a scroll of fog for 28 gold pieces
 25583 | Orc:4    | Bought a scroll of noise for 14 gold pieces
 25583 | Orc:4    | Bought a scroll of fear for 49 gold pieces
 25583 | Orc:4    | Bought a scroll of acquirement for 728 gold pieces
 25583 | Orc:4    | Bought a scroll of fog for 28 gold pieces
 25583 | Orc:4    | Bought a scroll of magic mapping for 49 gold pieces
 25583 | Orc:4    | Bought a scroll of fog for 28 gold pieces
 25583 | Orc:4    | Bought a scroll of fear for 49 gold pieces
 25607 | Orc:4    | Bought a sack of spiders for 280 gold pieces
 25607 | Orc:4    | Bought a lantern of shadows for 280 gold pieces
 25607 | Orc:4    | Bought a fan of gales for 560 gold pieces
 26283 | D:12     | Got a silk robe
 26797 | D:13     | Reached skill level 8 in Dodging
 27100 | D:13     | Reached skill level 16 in Fighting
 27143 | D:13     | Found a gate to the Vaults.
 27701 | D:14     | Received a gift from Trog
 27822 | D:14     | Noticed Louise
 28064 | D:14     | Reached skill level 9 in Dodging
 28540 | D:14     | Killed Louise
 28744 | D:14     | Found an ancient bone altar of Kikubaaqudgha.
 28867 | D:15     | Entered Level 15 of the Dungeon
 28981 | D:15     | Noticed Rupert
 28981 | D:15     | Paralysed by Rupert for 2 turns
 29037 | D:15     | Banished Rupert
 29037 | D:15     | Reached skill level 10 in Dodging
 29081 | D:15     | Received a gift from Trog
 29087 | D:15     | Got a warped executioner's axe {god gift}
 29088 | D:15     | Identified the +4,+10 executioner's axe of Zozuel {god gift, flame, *Rage rF++ rC+ Str-3 Dex+2} (Trog gifted it to you on level 15 of the Dungeon)
 29331 | D:15     | Reached skill level 17 in Fighting
 29441 | D:15     | Found a staircase to the Depths.
 29617 | D:15     | Reached skill level 11 in Dodging
 29765 | D:15     | Received a gift from Trog
 30345 | Snake:1  | Entered Level 1 of the Snake Pit
 30484 | Snake:1  | Found Deibiam's Assorted Antiques.
 30487 | Snake:1  | Bought a potion of curing for 66 gold pieces
 30487 | Snake:1  | Bought a potion of haste for 231 gold pieces
 30487 | Snake:1  | Bought a scroll of enchant weapon II for 181 gold pieces
 30505 | Snake:1  | Noticed Frances
 30519 | Snake:1  | Killed Frances
 30519 | Snake:1  | Reached XP level 16. HP: 65/154 MP: 8/24
 31050 | Snake:1  | Received a gift from Trog
 31070 | Snake:1  | Lost mutation: Your muscles are strong. (Str +2) [mutagenic glow]
 31089 | Snake:1  | Noticed Josephine
 31100 | Snake:1  | Killed Josephine
 31122 | Snake:1  | Gained mutation: Your body is slowly deteriorating. [mutagenic glow]
 31146 | Snake:1  | Reached skill level 8 in Evocations
 31690 | Snake:2  | Noticed Nikola
 31708 | Snake:2  | Killed Nikola
 31877 | Snake:2  | Noticed Roxanne
 31888 | Snake:2  | Noticed Agnes
 31902 | Snake:2  | Killed Agnes
 31902 | Snake:2  | Reached skill level 18 in Fighting
 31902 | Snake:2  | Reached skill level 12 in Dodging
 32433 | Snake:2  | Received a gift from Trog
 32559 | Snake:2  | Got an ancient robe
 33037 | Snake:3  | Reached skill level 9 in Evocations
 33292 | Snake:3  | Found a burning altar of Makhleb.
 33547 | Snake:3  | Found Igummoal's Distillery.
 33715 | Snake:3  | kroki: sup
 33715 | Snake:3  | Received a gift from Trog
 33867 | Snake:3  | emiel: hey
 33869 | Snake:4  | kroki: how u doin
 33999 | Snake:4  | emiel: just chillin
 34061 | Snake:4  | emiel: found statue form on my FeTm^Chei
 34061 | Snake:4  | kroki: great
 34087 | Snake:4  | kroki: a turning point
 34112 | Snake:4  | Noticed Aizul
 34129 | Snake:4  | emiel: trying not to splat because i'm getting overconfident
 34131 | Snake:4  | Killed Aizul
 34152 | Snake:4  | emiel: why did you switch to trog?
 34152 | Snake:4  | kroki: check out that ax
 34152 | Snake:4  | kroki: cause i want to win
 34152 | Snake:4  | emiel: noice
 34152 | Snake:4  | kroki: just looking for a clarity source
 34152 | Snake:4  | emiel: got clarity?
 34152 | Snake:4  | emiel: ah yeah
 34166 | Snake:4  | Got a jewelled morningstar
 34203 | Snake:4  | emiel: got any good muts?
 34203 | Snake:4  | kroki: already had to unwield 2 disto weapons
 34203 | Snake:4  | kroki: without getting banished lol
 34203 | Snake:4  | emiel: dang
 34203 | Snake:4  | kroki: bad mut from 1 unwield
 34203 | Snake:4  | kroki: got badly contaminated
 34203 | Snake:4  | kroki: but its not that bad
 34203 | Snake:4  | emiel: ah i see
 34205 | Snake:4  | emiel: rest from xom?
 34594 | Snake:4  | Received a gift from Trog
 34601 | Snake:4  | kroki: like i said i just want to win ck
 34601 | Snake:4  | kroki: fuck xom too random
 34674 | Snake:4  | emiel: yeah shit sucks
 34674 | Snake:4  | kroki: but one game i played i had like 10 good muts before temple
 34674 | Snake:4  | kroki: multiple scales
 34674 | Snake:4  | kroki: like +10 ac in total
 34738 | Snake:4  | Noticed Kirke
 34739 | Snake:4  | emiel: and then he summons a few demons and teles you into the middle of a vault
 34739 | Snake:4  | emiel: fun
 34750 | Snake:4  | kroki: i could wear that exec if i wanted
 34750 | Snake:4  | kroki: but id have to keep at near starving all the time
 34750 | Snake:4  | kroki: to keep zerking at bay
 34754 | Snake:4  | Reached skill level 13 in Dodging
 34775 | Snake:4  | emiel: yeah...
 34908 | Snake:4  | Killed Kirke
 34910 | Snake:4  | kroki: too much hassle
 34961 | Snake:4  | kroki: +8 am baxe is good too
 34961 | Snake:4  | kroki: and i dont have exp to spare right now for 26 axes
 35181 | Snake:5  | Entered Level 5 of the Snake Pit
 35214 | Snake:5  | Reached skill level 10 in Evocations
 35583 | Snake:5  | kroki: fuck gotta bail
 35600 | Snake:4  | Reached XP level 17. HP: 80/165 MP: 9/28
 35620 | Snake:4  | emiel: damn tele
 35706 | Snake:4  | kroki: that place is bad
 35706 | Snake:4  | kroki: shoals
 35706 | Snake:4  | kroki: great
 35706 | Snake:4  | emiel: shoals..
 35706 | Snake:4  | kroki: time to elf
 35706 | Snake:4  | kroki: then
 35706 | Snake:4  | emiel: why not
 36653 | Elf:1    | Reached skill level 19 in Fighting
 36727 | Elf:1    | Received a gift from Trog
 36731 | Elf:1    | Got a transparent battleaxe {god gift}
 36733 | Elf:1    | Identified the +4,+5 battleaxe of the Establishment {god gift, flame, Hunger+ +Blink rF+ rC+ Dex+3} (Trog gifted it to you on level 1 of the Elven Halls)
 36811 | Elf:1    | kroki: fucking summoner
 37167 | Elf:1    | kroki: gotta refresh page
 37167 | Elf:1    | kroki: it lahs
 37167 | Elf:1    | kroki: lags
 37167 | Elf:1    | emiel: mkay
 37537 | Elf:2    | Received a gift from Trog
 37588 | Elf:2    | kroki: tfw wand of hw
 37603 | Elf:2    | emiel: feelsgoodman
 38214 | Elf:2    | Reached skill level 14 in Armour
 38240 | Elf:2    | Received a gift from Trog
 38406 | Elf:2    | emiel: ab?
 38430 | Elf:2    | Lost intelligence.
 38432 | Elf:2    | kroki: fuck fuck fuck
 38432 | Elf:2    | emiel: shiet
 38432 | Elf:2    | kroki: what do i do now
 38434 | Elf:2    | emiel: got restore abilities?
 38437 | Elf:2    | emiel: ah good
 38438 | Elf:2    | emiel: -8
 38438 | Elf:2    | emiel: lol
 38533 | Elf:2    | kroki: god
 38541 | Elf:2    | kroki: that was fucking horrible
 38541 | Elf:2    | kroki: i drank like 4 curing
 38541 | Elf:2    | kroki: and was still perma confused
 38586 | Elf:2    | emiel: they really nerfed those things didn't they
 38590 | Elf:2    | Reached skill level 14 in Dodging
 38636 | Elf:2    | kroki: yeah
 38637 | Elf:3    | Entered Level 3 of the Elven Halls
 38637 | Elf:3    | Found Araixahe's Antique Armour Emporium.
 38638 | Elf:3    | emiel: i used to be scared shitless of them
 38842 | Elf:3    | kroki: tfw no cloak of conservation
 38863 | Elf:3    | Reached skill level 11 in Evocations
 38913 | Elf:3    | emiel: tfw harpies in shoals
 38915 | Elf:3    | emiel: say goodbye to your last ration
 39000 | Elf:3    | Found a portal to a secret trove of treasure.
 39052 | Elf:3    | kroki: tfw 0 scroll of teleport
 39193 | Elf:3    | kroki: and it wants 15
 39198 | Elf:3    | emiel: dang
 39207 | Elf:3    | emiel: woah
 39249 | Elf:3    | emiel: dis nigga
 39249 | Elf:3    | kroki: that fucking drain
 39539 | Elf:3    | Received a gift from Trog
 39599 | Elf:3    | Got a twitching iron ring
 39605 | Elf:3    | Identified the ring "Blul" {+/*Tele Dex+3 Int+3} (You took it off a deep elf fighter on level 3 of the Elven Halls)
 40044 | Elf:3    | Got a steaming dagger
 40124 | Elf:3    | Reached skill level 15 in Armour
 40436 | Elf:3    | Cast into the Abyss (deep elf sorcerer)
 40437 | Abyss:1  | kroki: oops
 40442 | Abyss:1  | emiel: damn
 40689 | Abyss:2  | Received a gift from Trog
 40692 | Abyss:2  | Got a steaming battleaxe {god gift}
 40694 | Abyss:2  | Identified the +3,+10 battleaxe "Physurchon" {god gift, distort, Contam rC+ Int+3} (Trog gifted it to you on level 2 of the Abyss)
 40695 | Abyss:2  | emiel: ...
 40695 | Abyss:2  | kroki: fucking hell
 40702 | Abyss:2  | emiel: contam and distort
 40817 | Abyss:2  | Reached XP level 18. HP: 149/176 MP: 31/31
 40820 | Abyss:2  | Reached skill level 12 in Evocations
 40848 | Elf:3    | Escaped the Abyss
 40849 | Elf:3    | emiel: dont forget ab
 40863 | Elf:3    | Reached skill level 15 in Dodging
 40878 | Elf:3    | kroki: my this disto weapon this game
 40878 | Elf:3    | emiel: it's not that bad
 40878 | Elf:3    | kroki: fuck it
 40878 | Elf:3    | kroki: yolo
 40879 | Elf:3    | emiel: haha
 40879 | Elf:3    | kroki: atleast not contam + contam from unwield
 40879 | Elf:3    | kroki: for that sweet red contam,
 40918 | Elf:3    | Gained mutation: You are clumsy. (Dex -2) [mutagenic glow]
 41262 | Elf:3    | Got a twisted glaive
 41278 | Elf:3    | kroki: sorry had to emergency exit
 41278 | Elf:3    | kroki: i am at work lol
 41284 | Elf:3    | emiel: hahaha
 41291 | Elf:3    | emiel: np
 41306 | Elf:3    | emiel: what mut did you get?
 41306 | Elf:3    | kroki: we chill
 41495 | Elf:3    | kroki: tfw cpa
 41495 | Elf:3    | kroki: ftw its +0 whiyte
 41505 | Elf:3    | emiel: tfw 18 str
 41560 | Elf:3    | kroki: oh right
 41730 | Elf:3    | emiel: s1ck loot
 41739 | Elf:3    | Got a twisted chain mail
 41757 | Elf:3    | Identified the +1 chain mail "Beesauso" {MR+} (You found it on level 3 of the Elven Halls)
 41782 | Elf:3    | kroki: thatd be boss chain mail
 41782 | Elf:3    | kroki: for d:3
 41796 | Elf:3    | kroki: good that was one of worst
 41796 | Elf:3    | kroki: elf loot
 41796 | Elf:3    | kroki: ive ever fucking seen
 41804 | Elf:3    | kroki: disto lajatang
 41804 | Elf:3    | kroki: lol
 41804 | Elf:3    | kroki: fucking disto party game
 41804 | Elf:3    | emiel: yeah what the fuck
 41804 | Elf:3    | emiel: maybe it's just .14
 41804 | Elf:3    | kroki: 4 identified
 41804 | Elf:3    | kroki: by the time i finished orc lair and elf
 41809 | Elf:3    | Got a scintillating granite ring
 41811 | Elf:3    | Identified the ring "Subiry" {rF- MP+9 SInv} (You took it off a deep elf conjurer on level 3 of the Elven Halls)
 41817 | Elf:3    | kroki: okay
 41817 | Elf:3    | kroki: this sucks major dick
 41821 | Elf:3    | kroki: but i think i gotta stomach them shoals
 41962 | Elf:2    | Noticed a Hell Sentinel
 42285 | D:13     | emiel: dont forget that they can't see invis there
 42331 | D:12     | kroki: yeah i was about to say
 42331 | D:12     | kroki: thanks for inv ring elf
 42722 | Shoals:1 | Entered Level 1 of the Shoals
 42724 | Shoals:1 | kroki: wait
 42724 | Shoals:1 | kroki: its 0.14
 42724 | Shoals:1 | kroki: so portals time out when i am inside another portal?
 42724 | Shoals:1 | kroki: or not
 42724 | Shoals:1 | emiel: i have no idea
 42724 | Shoals:1 | emiel: it's been a while
 42724 | Shoals:1 | emiel: ice portal and bazaar?
 42724 | Shoals:1 | emiel: or what?
 42724 | Shoals:1 | kroki: yeah
 42735 | Shoals:1 | emiel: hmm
 42760 | Shoals:1 | Found a flickering gateway to a bazaar.
 42772 | Bazaar   | Entered a bazaar
 42780 | Bazaar   | Found Zikkijia's Book Shop.
 42793 | Bazaar   | Found Stut's Jewellery Shop.
 42802 | Bazaar   | emiel: lol
 42802 | Bazaar   | kroki: tfw Ogalurph
 42802 | Bazaar   | emiel: that amulet is breddy nice
 42802 | Bazaar   | kroki: one -cast amu to rule them all
 42802 | Bazaar   | kroki: fuck
 42802 | Bazaar   | kroki: come on
 42802 | Bazaar   | Bought the amulet "Ogalurph" {-Cast +Rage rElec rPois rF+ MR+} for 893 gold pieces
 42803 | Bazaar   | kroki: fucking jewed out
 42805 | Bazaar   | kroki: tfw no disto weapon to banish yourself to abyss to farm more gold for bazaar
 42805 | Bazaar   | kroki: fuck my life
 42837 | Shoals:1 | emiel: you can do that?
 42837 | Shoals:1 | kroki: yes
 42837 | Shoals:1 | emiel: lol
 42837 | Shoals:1 | kroki: its secret tech dont tell nobody
 42838 | Shoals:1 | emiel: mkay
 42838 | Shoals:1 | emiel: sick bruh
 42838 | Shoals:1 | kroki: fucking tide
 42838 | Shoals:1 | kroki: i gotta burn blink
 42838 | Shoals:1 | kroki: to get to ice cave
 42855 | Shoals:1 | Found a frozen archway.
 42875 | IceCv    | Entered an ice cave
 42876 | IceCv    | kroki: think i am going to masturbate to this amulet later
 42888 | IceCv    | emiel: lol
 42891 | IceCv    | emiel: don't lose all your pots
 43693 | IceCv    | kroki: god
 43693 | IceCv    | kroki: i forgot
 43762 | IceCv    | kroki: item destruction was worst
 43857 | IceCv    | emiel: yeah
 43870 | IceCv    | emiel: dang
 43870 | IceCv    | kroki: okay this is bad
 43906 | IceCv    | kroki: fugger
 44099 | IceCv    | Identified a cursed +0 rod of the swarm (12/12) {!a} (You found it in an ice cave)
 44382 | Shoals:1 | kroki: that shoals lag
 44594 | Shoals:3 | kroki: gotta dive
 44595 | Shoals:3 | kroki: get it
 44595 | Shoals:3 | kroki: dive
 44595 | Shoals:3 | kroki: in shoals
 44610 | Shoals:3 | emiel: funny uy
 44612 | Shoals:3 | emiel: guy
 44613 | Shoals:3 | Noticed Asterion
 44614 | Shoals:3 | kroki: funny as fuck
 44614 | Shoals:3 | kroki: i should do stand ups
 44617 | Shoals:3 | kroki: o shit
 44630 | Shoals:3 | kroki: that the fuck
 44632 | Shoals:3 | Killed Asterion
 44639 | Shoals:3 | emiel: fucking water
 44660 | Shoals:3 | emiel: >you splash around in the water x10
 44662 | Shoals:3 | emiel: retards
 44665 | Shoals:3 | Reached skill level 16 in Armour
 44674 | Shoals:3 | kroki: hahaha
 44882 | Shoals:5 | Entered Level 5 of the Shoals
 44883 | Shoals:5 | kroki: why no rune
 45544 | Shoals:5 | Noticed Ilsuiw
 45547 | Shoals:5 | kroki: ok watch out
 45547 | Shoals:5 | kroki: for jedi master tier trick now
 45563 | Shoals:5 | Killed Ilsuiw
 45563 | Shoals:5 | Reached skill level 16 in Dodging
 45574 | Shoals:5 | Reached skill level 13 in Evocations
 45577 | Shoals:5 | emiel: she dead
 45578 | Shoals:5 | kroki: easy as calling someone a faggot on the internet
 45603 | Shoals:5 | emiel: hehe
 45722 | Shoals:5 | emiel: can translocation miscasts banish you?
 45730 | Shoals:5 | kroki: yes
 45739 | Shoals:5 | emiel: that sucks
 45774 | Shoals:5 | kroki: that fucking lag
 45774 | Shoals:5 | kroki: i want to hang myself
 45858 | Shoals:5 | emiel: shitty work internet huh
 45860 | Shoals:5 | emiel: or is the the erver
 45860 | Shoals:5 | kroki: no
 45860 | Shoals:5 | kroki: its shoals
 45860 | Shoals:5 | emiel: oh
 45860 | Shoals:5 | kroki: water makes webtiles lag
 45860 | Shoals:5 | kroki: as fuck
 45860 | Shoals:5 | emiel: lol
 45899 | Shoals:5 | kroki: i am for real
 45931 | Shoals:5 | emiel: .14 water looks a bit nicer yeah
 45959 | Shoals:5 | emiel: that's why it looks more simple in newer versions probably
 46139 | Shoals:5 | kroki: no its not because of the tile
 46139 | Shoals:5 | kroki: i heard its because of how much information has to be processed
 46139 | Shoals:5 | kroki: its the mechanics behind water
 46139 | Shoals:5 | emiel: oh the tide?
 46139 | Shoals:5 | kroki: and the more you discover the moge game client has to track
 46139 | Shoals:5 | kroki: that too propably
 46139 | Shoals:5 | kroki: its little lest shit in swamp
 46139 | Shoals:5 | emiel: ah okay
 46139 | Shoals:5 | kroki: but shoals is fucking hell
 46153 | Shoals:5 | kroki: thats a nice disto contam axe lying there
 46154 | Shoals:5 | emiel: inb4 disto
 46155 | Shoals:5 | emiel: yeah
 46161 | Shoals:5 | kroki: fuck
 46161 | Shoals:5 | emiel: lol
 46161 | Shoals:5 | kroki: why
 46161 | Shoals:5 | kroki: why
 46161 | Shoals:5 | kroki: why
 46229 | Shoals:5 | Got a transparent battleaxe
 46230 | Shoals:5 | Identified the +3,+5 battleaxe of the Enchanted Forest {elec, +Blink} (You found it on level 5 of the Shoals)
 47181 | Shoals:5 | kroki: i guess this guy was quite confused
 47181 | Shoals:5 | kroki: even before even casting that cloud
 47194 | Shoals:5 | Got a barnacled rune of Zot
 47260 | Shoals:4 | emiel: hehe
 47335 | Lair:6   | kroki: i am glad its over
 47337 | Lair:6   | emiel: indeed
 47337 | Lair:6   | emiel: does this still have the vaults without wardens and stuff?
 47464 | Snake:5  | kroki: well see in a minute
 47464 | Snake:5  | emiel: mkay
 47775 | Snake:5  | kroki: lord
 47775 | Snake:5  | kroki: my ac ev sucks
 48005 | Snake:5  | Reached XP level 19. HP: 143/182 MP: 14/34
 48336 | Snake:5  | Reached skill level 17 in Armour
 49069 | Snake:5  | Received a gift from Trog
 49549 | Snake:5  | Reached skill level 14 in Evocations
 49609 | Snake:5  | Reached skill level 17 in Dodging
 49836 | Snake:5  | kroki: god
 49836 | Snake:5  | kroki: this isnt easy at all
 50343 | Snake:5  | kroki: lol
 50343 | Snake:5  | emiel: hahaha
 50343 | Snake:5  | kroki: fucking 0.14
 50343 | Snake:5  | kroki: only the dead know peace from this evil
 50752 | Snake:5  | Received a gift from Trog
 50790 | Snake:5  | emiel: those guys
 50790 | Snake:5  | emiel: fucking hate em
 50790 | Snake:5  | kroki: i know
 50984 | Snake:5  | Got a serpentine rune of Zot
 50988 | Snake:5  | kroki: i had 7 scrolls of teleportation when i came here
 50988 | Snake:5  | kroki: fucking burned
 50988 | Snake:5  | kroki: ill never get that 15 scroll trove
 51012 | Snake:5  | emiel: should've dropped em nigga
 51037 | Snake:4  | kroki: i know
 51039 | Snake:4  | kroki: atleast give me a vamp axe for dealing will all this suffering
 51039 | Snake:4  | kroki: fuc
 51392 | D:9      | emiel: what happened to that brand weapon scroll
 51546 | Vaults:1 | Entered Level 1 of the Vaults
 51547 | Vaults:1 | kroki: it burned
 51547 | Vaults:1 | emiel: ouch
 51744 | Vaults:1 | kroki: it has like 1% for vamp tho i thing
 52120 | Vaults:1 | kroki: this is fucking insane
 52498 | Vaults:1 | emiel: wardens
 52500 | Vaults:1 | emiel: too bad
 52515 | Vaults:1 | emiel: no easy vaults loot
 52643 | Vaults:1 | Reached skill level 18 in Armour
 52768 | Vaults:1 | Got a pitted leather armour
 53451 | Vaults:1 | kroki: i got rf+++ can immolate v5 tho
 53451 | Vaults:1 | kroki: if i get there
 53523 | Vaults:2 | emiel: ah yes
 53528 | Vaults:2 | Received a gift from Trog
 53531 | Vaults:2 | emiel: maximum fun
 53619 | Vaults:2 | kroki: aha
 53619 | Vaults:2 | kroki: you cant cancel identified blink scroll
 53619 | Vaults:2 | kroki: great
 53630 | Vaults:2 | Reached skill level 15 in Evocations
 53980 | Vaults:2 | Reached XP level 20. HP: 110/191 MP: 14/35
 53994 | Vaults:2 | kroki: anotehr brand scroll
 53994 | Vaults:2 | kroki: lost forever
 54000 | Vaults:2 | emiel: :(
 54131 | Vaults:2 | Reached skill level 18 in Dodging
 54143 | Vaults:2 | emiel: >hits you with a long sword
 54220 | Vaults:2 | emiel: lucky roll
 54289 | Vaults:2 | emiel: jeez
 54724 | Vaults:2 | kroki: why i cant drop scrolls?
 55136 | Vaults:2 | kroki: this is seriously becoming unfun
 55139 | Vaults:2 | Noticed a bone dragon
 55140 | Vaults:2 | Found a staircase to the Crypt.
 55161 | Vaults:2 | Killed a bone dragon
 55222 | Vaults:2 | Received a gift from Trog
 55538 | Vaults:2 | kroki: if they bring item destruction back
 55538 | Vaults:2 | kroki: id propably quit
 55595 | Vaults:2 | emiel: they wont though
 55595 | Vaults:2 | emiel: i thinkj
 55595 | Vaults:2 | emiel: think
 55595 | Vaults:2 | emiel: why are you playing .14 anyways?
 55595 | Vaults:2 | emiel: anyways good luck
 55595 | Vaults:2 | emiel: gtg
 55595 | Vaults:2 | emiel: bye
 55961 | Vaults:3 | Reached skill level 19 in Armour
 56332 | Vaults:3 | Received a gift from Trog
 56808 | Vaults:3 | Found a staircase to the Hall of Blades.
 57199 | Vaults:3 | Found Hocotz's Assorted Antiques.
 57206 | Vaults:3 | Bought a scroll of teleportation for 78 gold pieces
 57206 | Vaults:3 | Bought a potion of curing for 52 gold pieces
 57206 | Vaults:3 | Bought a scroll of remove curse for 78 gold pieces
 57206 | Vaults:3 | Bought a scroll of enchant weapon I for 91 gold pieces
 57334 | Vaults:4 | Found a gateway to a bazaar.
 57350 | Bazaar   | Entered a bazaar
 57394 | Bazaar   | Found Caeca's Gadget Boutique.
 57425 | Bazaar   | Found Kloili's Jewellery Shoppe.
 57492 | Bazaar   | Found Othumpep's Jewellery Shoppe.
 57500 | Bazaar   | Bought the ring of Temptation {+Inv MR+} for 585 gold pieces
 57528 | Bazaar   | Found Pranecig's Jewellery Shoppe.
 57610 | Vaults:4 | HP: 9/191 [ice devil[an ironheart preserver] (13)]
 57611 | Vaults:4 | Mangled by an ice devil

Action                   |  1- 3 |  4- 6 |  7- 9 | 10-12 | 13-15 | 16-18 | 19-21 || total
-------------------------+-------+-------+-------+-------+-------+-------+-------++-------
Melee: Hand axe          |    88 |    79 |       |       |       |       |       ||   167
       Battleaxe         |       |    64 |   216 |   551 |  1563 |  1779 |  1242 ||  5415
       Broad axe         |       |       |       |       |    68 |       |       ||    68
       Executioner's axe |       |       |       |       |    58 |       |       ||    58
 Fire: Blowgun           |       |       |       |   106 |       |       |       ||   106
Throw: Javelin           |       |     6 |       |    11 |       |       |       ||    17
Invok: Berserk           |       |     2 |     3 |     7 |     4 |    12 |     5 ||    33
       Trog's Hand       |       |       |     1 |     3 |    17 |    24 |    11 ||    56
       Brothers in Arms  |       |       |       |     1 |     1 |     1 |     1 ||     4
       Burn Spellbooks   |       |       |       |     1 |     3 |     5 |       ||     9
 Abil: Evoke Flight      |       |       |       |       |     1 |       |       ||     1
       Evoke Invisibilit |       |       |       |       |       |     2 |       ||     2
Evoke: Wand              |       |       |     1 |     9 |    26 |    32 |    14 ||    82
       Lamp of fire      |       |       |       |       |     2 |     5 |     2 ||     9
       Sack of spiders   |       |       |       |       |     1 |    16 |     6 ||    23
       Fan of gales      |       |       |       |       |       |     4 |     1 ||     5
       Phial of floods   |       |       |       |       |       |     3 |     5 ||     8
  Use: Scroll            |     4 |    13 |     9 |    12 |    28 |    31 |    11 ||   108
       Potion            |       |       |       |     1 |     7 |    23 |     7 ||    38
 Stab: Distracted        |     1 |       |     1 |       |     1 |     6 |     2 ||    11
       Paralysed         |       |       |       |    12 |     9 |     2 |       ||    23
       Confused          |       |       |       |     1 |       |       |       ||     1
       Invisible         |       |       |       |       |     3 |    21 |       ||    24
